 Dungeon Sprint DCSS version 0.27.1-1-g398f81649c (webtiles) character file.

Game seed: 2592992330449687603

270 boopmooplesden the Protected (level 6, 0/61 HPs)
             Began as a Minotaur Fighter on Sept 19, 2021.
             Slain by a human (5 damage)
             ... in the Dungeon (Sprint III: "The Ten Rune Challenge").
             The game lasted 00:02:03 (999 turns).

boopmooplesden the Protected (Minotaur Fighter)      Turns: 999, Time: 00:02:04

Health: 0/61       AC:  8    Str: 20    XL:     6   Next: 1%
Magic:  5/5        EV:  9    Int:  5    God:
Gold:   34         SH: 11    Dex: 10    Spells: 5/5 levels left

rFire    . . .     SeeInvis .   a - +0 long sword
rCold    . . .     Faith    .   c - +0 kite shield
rNeg     . . .     Spirit   .   b - +0 scale mail
rPois    .         Reflect  .   (helmet unavailable)
rElec    .         Harm     .   (no cloak)
rCorr    .         Rampage  .   (no gloves)
Will     .....     NoTele   +   (no boots)
Stlth    ..........             (no amulet)
HPRegen  0.20/turn              (no ring)
MPRegen  0.09/turn              (no ring)

@: hasted, very quick
A: horns 3, retaliatory headbutt, weak 1, MP-powered wands
a: no special abilities


You were in the Dungeon.
You visited 1 branch You collected 34 gold pieces.

Inventory:

Hand Weapons
 a - a +0 long sword (weapon)
Armour
 b - a +0 scale mail (worn)
 c - a +0 kite shield (worn)
Scrolls
 j - a scroll of blinking
 k - a scroll of torment {unknown}
 l - a scroll of enchant armour {unknown}
 n - a scroll of holy word {unknown}
 o - a scroll of identify {unknown}
Potions
 e - a potion of mutation
 f - a potion of heal wounds
 h - 3 potions of magic
 m - 4 potions of flight
 p - a potion of cancellation {unknown}


   Skills:
 + Level 7.7 Fighting
 + Level 7.2 Long Blades
 + Level 9.0 Armour
 + Level 1.4 Dodging
 + Level 0.9 Stealth
 + Level 8.3 Shields


You had 5 spell levels left.
You didn't know any spells.
Your spell library contained the following spells:

 Spells                   Type           Power      Damage    Failure   Level
 Corona                   Hex            0%         N/A       97%         1
 Ensorcelled Hibernation  Hex/Ice        0%         N/A       99%         2
 Passwall                 Tmut/Erth      0%         N/A       99%         2
 Swiftness                Air            0%         N/A       100%        3
 Tukima's Dance           Hex            0%         N/A       100%        3
 Invisibility             Hex            0%         N/A       100%        6


Dungeon Overview and Level Annotations

Branches:
Dungeon (1/1)

Altars:
Kikubaaqudgha
Okawaru
Sif Muna
Trog
Uskayaw
Vehumet
Wu Jian
Beogh


Innate Abilities, Weirdness & Mutations

You have a pair of large horns on your head.
You reflexively headbutt those who attack you in melee.
You are weak. (Str -2)
You expend magic power (3 MP) to strengthen your wands.


Message History

The human hits you but does no damage.
Your Fighting skill increases to level 7!
Your Long Blades skill gained 2 levels and is now at level 7!
Your Armour skill gained 2 levels and is now at level 9!
Your Dodging skill increases to level 1!
Your Shields skill increases to level 8!
You have reached level 6!
Your experience leads to an increase in your attributes!
Your base attributes are Str 22, Int 5, Dex 9.
Increase (S)trength, (I)ntelligence, or (D)exterity?
You feel agile.
You completely miss the human.
The human is lightly wounded.
The human hits you!
You closely miss the human.
The human is lightly wounded.
The human hits you!
* * * LOW HITPOINT WARNING * * *
You hit the human but do no damage.
The human is lightly wounded.
You closely miss the human. Your headbutt misses the human.
The human is lightly wounded.
The human hits you.
* * * LOW HITPOINT WARNING * * *
You barely miss the human. Your headbutt misses the human.
The human is lightly wounded.
The human hits you.
* * * LOW HITPOINT WARNING * * *
You slash the human!
The human is moderately wounded.
You block the human's attack.
You slash the human!
The human is severely wounded.
The human closely misses you.
You slash the human!
The human is almost dead.
You hit the human.
The human is almost dead.
The human hits you.
You die...

▓▓▓▓▓▓▓ ▓▓▓ ..#...#### ##.#
#### ..#......#####..# ___#
.##.......#..#..# __)
#.##.##...#..#..###+#'###+##
#.##.###..##'#..#†.........#
.####)##..###...@p⌠).......#
###..##.†####...#...######+#
.....##..###....#.⌠.#
##..##...##.....#...#
#..##....#......#'###
..###..##.#.....#.).# ).#
#.. ####....#___# ▓▓▓ ▓▓▓
▓▓▓▓▓▓▓▓▓▓


You could see a human (strong).

Vanquished Creatures
  A water elemental (D)
  Jessica (D)
  2 humans (D)
  A kobold demonologist (D)
  A phantom (D)
  3 rats (D)
9 creatures vanquished.

Vanquished Creatures (others)
  A hydra (D)
  A wizard (D)
  2 plants (D)
4 creatures vanquished.

Grand Total: 13 creatures vanquished

Notes
Turn   | Place    | Note
-------+----------+-------------------------------------------
     0 | D        | boopmooplesden the Minotaur Fighter began the quest for the
                  | Orb.
     0 | D        | Reached XP level 1. HP: 19/19 MP: 0/0
    21 | D        | Noticed Jessica
    34 | D        | Killed Jessica
    35 | D        | Reached skill level 5 in Fighting
    35 | D        | Reached skill level 5 in Armour
    35 | D        | Reached skill level 5 in Shields
    35 | D        | Reached XP level 2. HP: 13/29 MP: 1/1
   120 | D        | Killed a seven-headed hydra
   227 | D        | Reached XP level 3. HP: 4/37 MP: 2/2
   324 | D        | Gained mutation: Your magical capacity is low. (-10% MP)
                  | [potion of mutation]
   324 | D        | Gained mutation: You have a pair of large horns on your
                  | head. [potion of mutation]
   458 | D        | Lost mutation: You have a pair of large horns on your head.
                  | [potion of mutation]
   458 | D        | Lost mutation: Your magical capacity is low. (-10% MP)
                  | [potion of mutation]
   458 | D        | Gained mutation: You expend magic power (3 MP) to
                  | strengthen your wands. [potion of mutation]
   458 | D        | Gained mutation: You are weak. (Str -2) [potion of
                  | mutation]
   458 | D        | Gained mutation: You have a pair of large horns on your
                  | head. [potion of mutation]
   472 | D        | Noticed a water elemental
   479 | D        | Killed a water elemental
   480 | D        | Reached skill level 5 in Long Blades
   480 | D        | Reached skill level 7 in Armour
   480 | D        | Reached XP level 4. HP: 3/45 MP: 3/3
   758 | D        | Found a radiant altar of Vehumet.
   759 | D        | Found a shimmering blue altar of Sif Muna.
   759 | D        | Found an ancient bone altar of Kikubaaqudgha.
   759 | D        | Noticed a wizard
   772 | D        | Killed a wizard
   773 | D        | Reached XP level 5. HP: 16/51 MP: 4/4
   973 | D        | Found a hide-covered altar of Uskayaw.
   973 | D        | Found an iron altar of Okawaru.
   973 | D        | Found a bloodstained altar of Trog.
   973 | D        | Found an ornate altar of the Wu Jian Council.
   973 | D        | Noticed a human
   973 | D        | Noticed a human
   990 | D        | Killed a human
   991 | D        | Reached skill level 9 in Armour
   991 | D        | Reached skill level 1 in Dodging
   991 | D        | Reached XP level 6. HP: 29/61 MP: 5/5
   999 | D        | Slain by a human

Illustrated notes

Levels and vault maps discovered:
D:        dungeon_sprint_mu [sprint_mu_entry_cave, sprint_mu_temple_rooms,
          sprint_mu_d1_horrors, sprint_mu_d2_genie, sprint_mu_d3_branching,
          sprint_mu_orc_legion, sprint_mu_elf_gauntlet, sprint_mu_hive_nellie,
          sprint_mu_lair_fedhas, sprint_mu_vaults_butterflies,
          sprint_mu_slime_circle, sprint_mu_swamp_cave, sprint_mu_shoals_archi,
          sprint_mu_blade_basic, sprint_mu_crypt_fortress,
          sprint_mu_tomb_spiral, sprint_mu_vestibule_basic,
          sprint_mu_gehenna_hellfire, sprint_mu_dis_giant,
          sprint_mu_tartarus_statrot, sprint_mu_cocytus_islands, sprint_mu_zot1]

Skill      XL: |  1  2  3  4  5 |
---------------+----------------+-----
Fighting       | 5 6 7 |  7.7
Long Blades    | 3 5 7 |  7.2
Armour         | 5 7 9 |  9.0
Shields        | 5 6 7 8 |  8.3
Dodging        | 1 |  1.4
Stealth        | |  0.9

Action                   |  1- 3 |  4- 6 || total
-------------------------+-------+-------++-------
Melee: Long sword        |    30 |    28 ||    58
       Headbutt          |     4 |     2 ||     6
  Use: Potion            |     4 |     2 ||     6
Armor: Scale mail        |     6 |     3 ||     9
Dodge: Dodged            |     5 |     9 ||    14
Block: Kite shield       |    14 |    14 ||    28
       Rpst.: Long sword |     1 |     4 ||     5
